 Dungeon Crawl Stone Soup version 0.18.1-48-g4cf74bf (webtiles) character file.

3189 atgrul the Basher (level 9, 0/107 HPs)
             Began as an Ogre Berserker on Aug 24, 2016.
             Was an Elder of Trog.
             Killed from afar by an electric eel (3 damage)
             ... with a bolt of electricity
             ... on level 8 of the Dungeon.
             The game lasted 00:20:48 (6881 turns).

atgrul the Basher (Ogre Berserker)                  Turns: 6881, Time: 00:20:52

Health: 0/107      AC:  8    Str: 27    XL:     9   Next: 95%
Magic:  9/9        EV: 10    Int:  6    God:    Trog [****..]
Gold:   544        SH:  0    Dex: 12    Spells: 0 memorised, 8 levels left

rFire  + . .     SeeInvis .     p - +3 dire flail (crush)
rCold  + . .     Gourm    .     b - +1 animal skin
rNeg   . . .     Faith    .     (shield currently unavailable)
rPois  +         Spirit   .     (helmet restricted)
rElec  +         Dismiss  .     (no cloak)
rCorr  +         Reflect  .     (gloves unavailable)
SustAt .         Harm     .     (boots unavailable)
MR     .....                    (no amulet)
Stlth  +.........               x - +3 ring of dexterity
                                m - +4 ring of protection

@: exhausted, resistant, slowed, very slow, not resistant to hostile
enchantments, very unstealthy
A: unfitting armour, tough skin 1
a: Berserk, Trog's Hand, Brothers in Arms, Burn Spellbooks, Renounce Religion


You were on level 8 of the Dungeon.
You worshipped Trog.
Trog was greatly pleased with you.
You were full.

You visited 1 branch of the dungeon, and saw 8 of its levels.

You collected 544 gold pieces.

Inventory:

Hand Weapons
 a - a +0 mace
 i - a +0 flail of venom
 p - a +3 dire flail of crushing (weapon)
Missiles
 s - 6 tomahawks (quivered)
Armour
 b - a +1 animal skin (worn)
 g - a +0 helmet
Jewellery
 m - a +4 ring of protection (left hand)
 x - a +3 ring of dexterity (right hand)
 C - an uncursed ring of sustain attributes {unknown}
Wands
 y - a wand of paralysis (7/24)
 E - a wand of disintegration (6/24)
Scrolls
 d - a scroll of enchant weapon
 k - 2 scrolls of enchant armour
 o - a scroll of amnesia
 t - a scroll of magic mapping {unknown}
 u - 2 scrolls of blinking {unknown}
 w - 2 scrolls of teleportation
 B - a scroll of remove curse
 G - a scroll of random uselessness {unknown}
Potions
 e - 2 potions of resistance
 f - 3 potions of curing
 h - a potion of brilliance {unknown}
 l - 3 potions of degeneration
 q - a potion of mutation {unknown}
 r - a potion of haste {unknown}
 v - 3 potions of ambrosia
 z - a potion of cure mutation {unknown}
 A - 2 potions of agility {unknown}
Comestibles
 j - a slice of pizza
 n - 3 fruits
 F - a meat ration


   Skills:
 + Level 12.5 Fighting
 + Level 13.0 Maces & Flails
 - Level 2.6 Dodging


You had 8 spell levels left.
You didn't know any spells.

Dungeon Overview and Level Annotations

Branches:
Dungeon (8/15)             Temple (0/1) D:7
   Lair: D:8-11

Altars:
Cheibriados
Dithmenos
Elyvilon
Makhleb
Pakellas
Qazlal
Ru


Innate Abilities, Weirdness & Mutations

You are too large for most types of armour.
You have tough skin (AC +1).


Message History

The electric eel shoots out a bolt of lightning at you!
The bolt of electricity misses you. The bolt of electricity hits you!
You resist.
* * * LOW HITPOINT WARNING * * *
The bolt of electricity hits the polar bear.
The polar bear closely misses your ogre. x2
The polar bear claws your ogre.
Your ogre barely misses the polar bear.
You feel better.
The electric eel shoots out a bolt of lightning at you!
The bolt of electricity hits you! You resist.
* * * LOW HITPOINT WARNING * * *
The bolt of electricity hits you! You resist.
* * * LOW HITPOINT WARNING * * *
The bolt of electricity hits the polar bear.
Your ogre barely misses the polar bear.
The polar bear bites your ogre. The polar bear claws your ogre. x2
The electric eel shoots out a bolt of lightning at you!
The bolt of electricity hits you! You resist. The bolt of electricity hits you!
You resist.
You die...

......≈ ≈....#
.∩..∩....≈≈≈...#
....... ≈.≈≈...#
≈≈≈.≈≈≈ ≈≈≈≈...
≈≈≈;. ≈.... ...
...##.#
#..##.###.....#
#....@hO.#
#.######.#
##.#### ##.....#
##....<.#
#.......#
#.......#
#.......#
##.)....#


You could see a polar bear, an electric eel and a friendly ogre (berserk).

Vanquished Creatures
  Pikel (D:6)
  A hippogriff (D:7)
  A hungry ghost (D:7)
  Edmund (D:4)
  A water moccasin (D:7)
  Duvessa (D:4)
  An ice beast (D:8)
  An orc warrior (D:7)
  A sky beast (D:5)
  4 slaves (D:6)
  3 ogres
  The ghost of sveltemanboy the Chiller, an amateur HEIE of Ashenzari (D:3)
  2 giant frogs
  A gnoll sergeant (D:6)
  Dowan (D:4)
  2 scorpions
  A wyvern skeleton (D:8)
  4 crimson imps
  A quasit (D:7)
  An orc wizard (D:7)
  3 orc priests
  A giant frog zombie (D:6)
  3 hounds (D:7)
  A giant frog skeleton (D:4)
  Jessica (D:3)
  Terence (D:2)
  Natasha (D:4)
  3 iguanas
  2 worker ants
  A killer bee zombie (D:5)
  3 hound skeletons (D:4)
  A worker ant zombie (D:7)
  A mummy (D:5)
  30 gnolls (D:6)
  4 adders
  A shadow imp (D:7)
  A white imp (D:8)
  An ooze (D:2)
  A worm (D:6)
  2 dart slugs
  3 giant geckos
  23 orcs
  5 bats
  3 giant cockroaches
  4 goblins
  5 hobgoblins
  22 jackals
  2 quokkas (D:3)
  A ball python (D:7)
  A giant cockroach zombie (D:5)
  3 giant newts
  5 kobolds
  7 rats
176 creatures vanquished.

Vanquished Creatures (others)
  A crocodile (D:2)
1 creature vanquished.

Grand Total: 177 creatures vanquished

Notes
Turn   | Place    | Note
--------------------------------------------------------------
     0 | D:1      | atgrul the Ogre Berserker began the quest for the Orb.
     0 | D:1      | Reached XP level 1. HP: 24/24 MP: 1/1
   368 | D:1      | Reached XP level 2. HP: 23/33 MP: 2/2
   666 | D:2      | Found a sacrificial altar of Ru.
   755 | D:2      | Noticed Terence
   765 | D:2      | Killed Terence
   765 | D:2      | Reached skill level 5 in Fighting
   765 | D:2      | Reached XP level 3. HP: 29/42 MP: 3/3
   858 | D:2      | Found an oddly glowing altar of Pakellas.
   858 | D:2      | Noticed an orange crystal statue
   859 | D:2      | Noticed a crocodile
   880 | D:2      | Killed a crocodile
   917 | D:2      | Found a stormy altar of Qazlal.
  1007 | D:2      | Found a shadowy altar of Dithmenos.
  1319 | D:3      | Reached XP level 4. HP: 44/52 MP: 4/4
  1359 | D:3      | Reached ** piety under Trog
  1370 | D:3      | Noticed Jessica
  1693 | D:2      | Reached skill level 5 in Maces & Flails
  2114 | D:3      | Noticed sveltemanboy's ghost (amateur HEIE)
  2430 | D:4      | Reached XP level 5. HP: 57/61 MP: 5/5
  2929 | D:4      | Noticed Natasha
  2941 | D:4      | Killed Natasha
  3105 | D:4      | Noticed Edmund
  3133 | D:4      | Killed Edmund
  3133 | D:4      | Reached skill level 6 in Maces & Flails
  3133 | D:4      | Reached XP level 6. HP: 72/72 MP: 6/6
  3371 | D:4      | Found a burning altar of Makhleb.
  3431 | D:4      | Noticed Duvessa
  3432 | D:4      | Noticed Dowan
  3451 | D:4      | Killed Duvessa
  3451 | D:4      | Reached skill level 7 in Maces & Flails
  3451 | D:4      | Reached XP level 7. HP: 81/81 MP: 7/7
  3459 | D:4      | Killed Dowan
  3740 | D:3      | Killed Jessica
  3781 | D:3      | Killed sveltemanboy's ghost
  4111 | D:3      | Found a white marble altar of Elyvilon.
  4321 | D:5      | Entered Level 5 of the Dungeon
  4412 | D:5      | Reached skill level 8 in Maces & Flails
  4426 | D:5      | Reached XP level 8. HP: 87/92 MP: 8/8
  4482 | D:5      | Found a snail-covered altar of Cheibriados.
  4571 | D:5      | You fall through a shaft for 2 floors!
  4658 | D:7      | Reached skill level 9 in Maces & Flails
  4695 | D:7      | Found a staircase to the Ecumenical Temple.
  4733 | D:6      | Reached *** piety under Trog
  4782 | D:6      | Reached skill level 10 in Fighting
  4828 | D:6      | Noticed Pikel
  4928 | D:6      | Killed Pikel
  4928 | D:6      | Reached skill level 10 in Maces & Flails
  5152 | D:6      | Reached XP level 9. HP: 105/105 MP: 9/9
  5402 | D:6      | Reached skill level 11 in Maces & Flails
  5431 | D:6      | Reached **** piety under Trog
  6113 | D:7      | Reached skill level 12 in Maces & Flails
  6773 | D:7      | Reached ***** piety under Trog
  6854 | D:8      | Noticed a polar bear
  6876 | D:8      | Reached skill level 13 in Maces & Flails
  6878 | D:8      | HP: 5/107 [polar bear (10)]
  6881 | D:8      | Killed from afar by an electric eel

Skill      XL: |  1  2  3  4  5  6  7  8  9 |
---------------+----------------------------+-----
Fighting       | 5 6 7 8 9 11 12 | 12.5
Maces & Flails | 5 6 7 8 10 13 | 13.0
Dodging        | |  2.6

Action                   |  1- 3 |  4- 6 |  7- 9 || total
-------------------------+-------+-------+-------++-------
Melee: Mace              |    83 |    88 |       ||   171
       Flail             |       |    18 |       ||    18
       Dire flail        |       |    26 |   306 ||   332
Invok: Berserk           |       |     5 |     6 ||    11
       Trog's Hand       |       |     3 |     1 ||     4
       Burn Spellbooks   |       |       |     1 ||     1
       Brothers in Arms  |       |       |     1 ||     1
  Use: Scroll            |       |     4 |     7 ||    11
       Potion            |       |       |     2 ||     2
 Stab: Sleeping          |     1 |       |     1 ||     2
  Eat: Chunk             |     1 |     8 |     9 ||    18
       Fruit             |       |     1 |       ||     1
       Bread ration      |       |     1 |     3 ||     4
       Meat ration       |       |     1 |       ||     1
Armor: Animal skin       |    32 |    55 |    73 ||   160
Dodge: Dodged            |    59 |    66 |   126 ||   251
